 Dungeon Crawl Stone Soup version 0.31-a0-145-g046c7d2549 (webtiles) character file.

Game seed: 10425368724973469628

756 qw the Skirmisher (level 7, -8/61 HPs)
             Began as a Minotaur Hunter on June 6, 2023.
             Mangled by a yak (12 damage)
             ... on level 6 of the Dungeon.
             The game lasted 00:01:40 (4065 turns).

qw the Skirmisher (Minotaur Hunter)                 Turns: 4065, Time: 00:01:40

Health: -8/61      AC: 10    Str: 14 (15) XL:     7   Next: 50%
Magic:  6/6        EV: 12    Int:  6      God:
Gold:   221        SH:  0    Dex: 16      Spells: 6/6 levels left

rFire   . . .        Y - +1 shortbow
rCold   . . .        (shield currently unavailable)
rNeg    . . .        b - +3 leather armour
rPois   .            (helmet restricted)
rElec   .            (no cloak)
rCorr   .            (no gloves)
SInv    .            (no boots)
Will    .....        (no amulet)
Stlth   +            e - +4 ring of protection
HPRegen 0.30/turn    (no ring)
MPRegen 0.10/turn

%: no passive effects
@: about to teleport
A: horns 2, retaliatory headbutt, deterioration 1, wild magic 2
a: no special abilities


You were on level 6 of the Dungeon.
You visited 1 branch of the dungeon, and saw 6 of its levels.

You collected 351 gold pieces.
You spent 130 gold pieces at shops.


Innate Abilities, Weirdness & Mutations

You have a pair of horns on your head.
You reflexively headbutt those who attack you in melee.
Your body sometimes deteriorates upon taking damage.
Your spells are harder to cast, but more powerful.


   Skills:
 - Level 5.2 Fighting
 + Level 8.4 Ranged Weapons
 - Level 2.1 Throwing
 - Level 1.0 Armour
 - Level 3.1 Dodging
 - Level 0.7 Stealth


You had 6 spell levels left.
You didn't know any spells.
Your spell library was empty.

Inventory:

Hand Weapons
 Y - a +1 shortbow (weapon)
Missiles
 d - 4 javelins
Armour
 b - a +3 leather armour (worn)
Jewellery
 e - a +4 ring of protection (left hand)
 h - a ring of flight
 j - a ring of protection from cold
 k - a ring of ice
Scrolls
 a - 3 scrolls of identify
 c - 6 scrolls of teleportation
Potions
 f - a potion of mutation
 g - 3 potions of curing
 i - 2 potions of might

Dungeon Overview and Level Annotations

Branches:
Dungeon (6/15)
 Temple: D:4-7

Altars:
Cheibriados
Gozag
Hepliaklqana
Makhleb
Sif Muna
Uskayaw
The Shining One

Shops:
D:3 ?

Annotations:
D:4 3 runed translucent doors, qw's ghost, amateur GrFi


Message History

The yak is lightly wounded.
You shoot an arrow. The arrow barely misses the yak.
You shoot an arrow.
The arrow hits the yak but does no damage.
The yak gores you.
You shoot an arrow. The arrow hits the yak!
The yak is moderately wounded.
The yak gores you!
Your body deteriorates!
You feel weakened.
You shoot an arrow. The arrow hits the yak.
The yak is moderately wounded.
You shoot an arrow. The arrow hits the yak.
The yak is moderately wounded.
The yak gores you.
You shoot an arrow. The arrow closely misses the yak.
The yak gores you! The yak gores you but does no damage. The yak gores you.
You shoot an arrow.
The arrow hits the yak but does no damage.
The yak is moderately wounded.
You shoot an arrow. The arrow hits the yak.
The yak is heavily wounded.
The yak gores you. The yak barely misses you. You furiously retaliate!
You headbutt the yak. You shoot an arrow.
The arrow hits the yak but does no damage.
The yak is heavily wounded.
The yak barely misses you.
You shoot an arrow. The arrow barely misses the yak.
The yak gores you! The yak barely misses you. The yak closely misses you.
You shoot an arrow. The arrow hits the yak.
The yak is heavily wounded.
The yak gores you. The yak gores you but does no damage. The yak gores you.
4064 ||| READING 7 scrolls of teleportation.
As you read the scroll of teleportation, it crumbles to dust.
You feel strangely unstable. The yak gores you. The yak closely misses you.
The yak gores you.
You shoot an arrow. The arrow hits the yak.
The yak is severely wounded.
The yak closely misses you. The yak gores you!
You die...

#.# #.# ######### #.# ##
#.......# #.# ...
#.......# #.# ... .
#.......# #.# ..#
..##.......###Y#...##.
.............@Y..>...
#........###Y#..)###
#....>...# #.# #...)
#........###.###.####
...#.#........#......# #
#.########......#########
#.# #...............
...####.####
#...###'###'###'
...........##
#...#..#.......#


You could see 3 yaks.

Vanquished Creatures
  An ogre (D:5)
  2 kobold brigands
  2 phantoms (D:5)
  A scorpion (D:5)
  3 orc priests
  A sleepcap (D:6)
  Jessica (D:2)
  7 adders
  A white imp (D:6)
  5 worms
  3 dart slugs
  9 orcs
  8 bats
  8 endoplasms
  3 giant cockroaches (D:4)
  5 goblins
  6 hobgoblins
  4 jackals (D:1)
  27 kobolds
  3 quokkas
  9 ball pythons
  2 frilled lizards
  4 rats
115 creatures vanquished.

Notes
Turn   | Place    | Note
-------+----------+-------------------------------------------
     0 | D:1      | qw the Minotaur Hunter began the quest for the Orb.
     0 | D:1      | Reached XP level 1. HP: 18/18 MP: 0/0
     0 | D:1      | 0 ||| qw: Version: 0.2-a-116-g91df2f0
     0 | D:1      | 0 ||| qw: Game counter: 2394
     0 | D:1      | 0 ||| qw: Always use a shield: true
     0 | D:1      | 0 ||| qw: God list: Okawaru
     0 | D:1      | 0 ||| qw: Allow faded altars: false
     0 | D:1      | 0 ||| qw: Do Orc after D:15 true
     0 | D:1      | 0 ||| qw: Do second Lair branch before Depths: true
     0 | D:1      | 0 ||| qw: Lair rune preference: random
     0 | D:1      | 0 ||| qw: Plans: Normal
     0 | D:1      | 0 ||| PLANNING D:1-11
    56 | D:1      | Found a faded altar of an unknown god.
    68 | D:1      | Reached XP level 2. HP: 25/25 MP: 1/1
   199 | D:1      | Reached skill level 5 in Ranged Weapons
   638 | D:1      | Reached skill level 3 in Fighting
   695 | D:1      | 695 ||| DROPPING +6 ring of intelligence.
   696 | D:1      | 696 ||| READING 4 scrolls labelled PERETA XIXYOSE.
   697 | D:1      | 697 ||| READING 2 scrolls labelled REEKOY JEUTSA.
   698 | D:1      | 698 ||| READING scroll labelled RYSONO ORPHYZUDUHE.
   699 | D:1      | 699 ||| READING scroll labelled RYLEF XUBREF.
   700 | D:1      | 700 ||| READING 3 scrolls of identify.
   700 | D:1      | 700 ||| IDENTIFYING amethyst potion
   701 | D:1      | 701 ||| DROPPING scroll of butterflies.
   702 | D:1      | 702 ||| DROPPING scroll of noise.
   788 | D:2      | 788 ||| FLEEEEING.
   819 | D:2      | Noticed Jessica
   824 | D:2      | 824 ||| Stepping ~*~*~tactically~*~*~ (outnumbered).
   827 | D:2      | Killed Jessica
   828 | D:2      | Reached XP level 3. HP: 18/31 MP: 2/2
   988 | D:2      | Reached XP level 4. HP: 38/38 MP: 3/3
  1003 | D:2      | Reached skill level 6 in Ranged Weapons
  1003 | D:2      | Found a snail-covered altar of Cheibriados.
  1124 | D:2      | HP: 9/38 [bat (1)]
  1426 | D:2      | 1426 ||| UPGRADING to +0 ring mail.
  1436 | D:2      | 1436 ||| DROPPING +0 leather armour.
  1437 | D:2      | 1437 ||| READING scroll labelled FOG FUECHEDI.
  1438 | D:2      | 1438 ||| READING 2 scrolls of identify.
  1438 | D:2      | 1438 ||| IDENTIFYING silvery potion
  1439 | D:2      | 1439 ||| DROPPING potion of degeneration.
  1494 | D:3      | Found Jopluj's Magic Scroll Shop.
  1505 | D:3      | 1505 ||| BUYING scroll of identify (26 gold).
  1505 | D:3      | Bought a scroll of identify for 26 gold pieces
  1505 | D:3      | 1505 ||| BUYING scroll of identify (26 gold).
  1505 | D:3      | Bought a scroll of identify for 26 gold pieces
  1505 | D:3      | 1505 ||| BUYING scroll of teleportation (39 gold).
  1505 | D:3      | Bought a scroll of teleportation for 39 gold pieces
  1505 | D:3      | 1505 ||| BUYING scroll of teleportation (39 gold).
  1505 | D:3      | Bought a scroll of teleportation for 39 gold pieces
  1548 | D:3      | Found an opulent altar of Gozag.
  1589 | D:3      | Reached skill level 1 in Armour
  1760 | D:3      | Reached XP level 5. HP: 46/46 MP: 4/4
  1844 | D:3      | 1844 ||| UPGRADING to +3 leather armour.
  1854 | D:3      | 1854 ||| DROPPING +0 ring mail.
  1855 | D:3      | 1855 ||| READING scroll labelled HUHAXZUCWO.
  1856 | D:3      | 1856 ||| DRINKING 2 lumpy golden potions.
  1856 | D:3      | Gained mutation: Your spells are a little harder to cast,
                  | but a little more powerful. [potion of mutation]
  1856 | D:3      | Gained mutation: Your body sometimes deteriorates upon
                  | taking damage. [potion of mutation]
  1856 | D:3      | Gained mutation: Your spells are harder to cast, but more
                  | powerful. [potion of mutation]
  1857 | D:3      | 1857 ||| READING 4 scrolls of identify.
  1857 | D:3      | 1857 ||| IDENTIFYING murky puce potion
  1858 | D:3      | 1858 ||| READING 3 scrolls of identify.
  1858 | D:3      | 1858 ||| IDENTIFYING pink potion
  1859 | D:3      | 1859 ||| READING 2 scrolls of identify.
  1859 | D:3      | 1859 ||| IDENTIFYING lumpy emerald potion
  1860 | D:3      | 1860 ||| DROPPING potion of enlightenment.
  1861 | D:3      | 1861 ||| DROPPING potion of lignification.
  1899 | D:4      | 1899 ||| STAIRDANCE
  1943 | D:4      | 1943 ||| STAIRDANCE
  2240 | D:4      | Found a runed translucent gate.
  2273 | D:4      | Found a runed translucent gate.
  2279 | D:4      | Found a runed translucent gate.
  2283 | D:4      | Noticed qw's ghost (amateur GrFi)
  2441 | D:4      | 2441 ||| UPGRADING to +4 ring of protection.
  2442 | D:4      | 2442 ||| READING scroll labelled AWOESM UGEHINT.
  2443 | D:4      | 2443 ||| READING scroll labelled ETUMIAKL FICKU.
  2444 | D:4      | 2444 ||| READING 2 scrolls of identify.
  2444 | D:4      | 2444 ||| IDENTIFYING glowing white potion
  2445 | D:4      | 2445 ||| DROPPING potion of attraction.
  2450 | D:5      | Entered Level 5 of the Dungeon
  2551 | D:5      | 2551 ||| Stepping ~*~*~tactically~*~*~ (outnumbered).
  2553 | D:5      | 2553 ||| Stepping ~*~*~tactically~*~*~ (outnumbered).
  2567 | D:5      | Reached skill level 7 in Ranged Weapons
  2570 | D:5      | Reached XP level 6. HP: 43/52 MP: 5/5
  2720 | D:5      | Found a glowing golden altar of the Shining One.
  2836 | D:5      | Found a hazy altar of Hepliaklqana.
  2898 | D:5      | Found a hide-covered altar of Uskayaw.
  3114 | D:5      | Identified the +4 dagger "Orb Guardian's Bane" {heavy, rN+
                  | Str+2 Int-4}
  3151 | D:5      | 3151 ||| DROPPING ring of wizardry.
  3173 | D:5      | Reached skill level 8 in Ranged Weapons
  3286 | D:5      | Reached skill level 3 in Dodging
  3286 | D:5      | Reached XP level 7. HP: 44/59 MP: 6/6
  3514 | D:5      | 3514 ||| Stepping ~*~*~tactically~*~*~ (outnumbered).
  3516 | D:5      | 3516 ||| Stepping ~*~*~tactically~*~*~ (outnumbered).
  3788 | D:6      | Found a burning altar of Makhleb.
  3824 | D:6      | Found a snail-covered altar of Cheibriados.
  3933 | D:6      | Found a shimmering blue altar of Sif Muna.
  4048 | D:6      | Noticed a yak
  4048 | D:6      | Noticed a yak
  4049 | D:6      | Noticed a yak
  4063 | D:6      | HP: 11/61 [yak (5)]
  4064 | D:6      | 4064 ||| READING 7 scrolls of teleportation.
  4064 | D:6      | HP: 3/61 [yak (3)]
  4065 | D:6      | Mangled by a yak

Levels and vault maps discovered:
D:1:      dpeg_arrival_rhombus, layout_loops_ring,
          dreamdust_ecumenical_altar_grove
D:2:      kennysheep_big_flooded_room, layout_basic, serial_forest,
          infiniplex_forest_lined_room_2, infiniplex_forest_clump_tiny,
          infiniplex_forest_lined_room_3, infiniplex_forest_straight_1,
          infiniplex_forest_clump_diagonal, infiniplex_forest_zigzag_1,
          infiniplex_forest_3_way, infiniplex_forest_lined_room_2, basic_altar,
          chequers_serial_rivers_micro_e, st_stairs_11, uniq_jessica
D:3:      layout_rooms, nicolae_gozag_cash_rules_everything_around_me,
          serial_shops, nicolae_shop_tiny_waterfront
D:4:      layout_gridville, ebering_ghost_rock_garden, item_on_display_a
D:5:      kennysheep_kobold_camp, layout_loops_ring, old_standard_altar,
          nicolae_uskayaw_murder_on_the_dancefloor, kennysheep_little_box,
          minivault_1
D:6:      layout_basic, mainiacjoe_overflow_24_doors, marbit_many_paths,
          lemuel_doored_altar, mainiacjoe_overflow_small_starburst,
          minmay_temple_entry_grid, uniq_blork_the_orc, uniq_edmund,
          uniq_grinder

Skill      XL: |  1  2  3  4  5  6  7 |
---------------+----------------------+-----
Ranged Weapons | 5 6 7 8 |  8.4
Fighting       | 3 4 5 |  5.2
Armour         | 1 |  1.0
Throwing       | 2 |  2.1
Dodging        | 3 |  3.1
Stealth        | |  0.7

Action                     |  1- 3 |  4- 6 |  7- 9 || total
---------------------------+-------+-------+-------++-------
   Fire: Shortbow          |    68 |   205 |    60 ||   333
    Use: Scroll            |     5 |     9 |     1 ||    15
         Potion            |       |     1 |       ||     1
 Armour: Leather armour    |    10 |    59 |     8 ||    77
         Ring mail         |       |     4 |       ||     4
  Dodge: Dodged            |    14 |    92 |    26 ||   132

Table legend:
 A = Non-vault XP
 B = Vault XP
 C = Vault XP percentage of total XP
 D = Non-vault monster count
 E = Vault monster count
 F = Vault count percentage of total count
                 A         B        C        D         E       F
            +---------+---------+-------+---------+---------+-------
      Total |     887 |     193 |  17.9 |      85 |      30 |  26.1
            +---------+---------+-------+---------+---------+-------
        D:1 |      29 |       0 |   0.0 |      17 |       0 |   0.0
        D:2 |      48 |      64 |  57.1 |      15 |       8 |  34.8
        D:3 |     121 |       0 |   0.0 |      25 |       0 |   0.0
        D:4 |      17 |       0 |   0.0 |       8 |       0 |   0.0
        D:5 |     510 |     126 |  19.8 |      14 |      21 |  60.0
        D:6 |     162 |       3 |   1.8 |       6 |       1 |  14.3
            +---------+---------+-------+---------+---------+-------
